 Dungeon Crawl Stone Soup version 0.29.1-12-g30fa7ad0bf (webtiles) character file.

Game seed: 7696336935266728648

15381 Timisetechie the Severer (level 12, -5/110 HPs)
             Began as a Hill Orc Fighter on Dec 26, 2022.
             Was a High Priest of Beogh.
             Slain by a fire crab (13 damage)
             ... on level 2 of the Lair of Beasts.
             The game lasted 00:22:25 (11324 turns).

Timisetechie the Severer (Hill Orc Fighter)        Turns: 11324, Time: 00:22:25

Health: -5/110     AC: 23    Str: 24    XL:     12   Next: 26%
Magic:  12/12      EV: 12    Int:  8    God:    Beogh [*****.]
Gold:   783        SH:  0    Dex: 16    Spells: 11/11 levels left

rFire   . . .      SeeInvis .   v - +4 battleaxe
rCold   . . .      Faith    .   (shield currently unavailable)
rNeg    . . .      Spirit   .   g - +3 plate armour
rPois   .          Reflect  .   a - +0 helmet
rElec   .          Harm     .   A - +0 cloak
rCorr   .          Rampage  .   f - +0 pair of gloves
Will    .....                   m - +0 pair of boots
Stlth   ..........              (no amulet)
HPRegen 0.28/turn               o - +4 ring of evasion
MPRegen 0.13/turn               r - +6 ring of dexterity

@: no status effects
A: walk on water, inability to drink after injury 1
a: Renounce Religion, Smiting, Recall Orcish Followers, Give Item to Named
Follower


You were on level 2 of the Lair of Beasts.
You worshipped Beogh.
Beogh was extremely pleased with you.
You visited 2 branches of the dungeon, and saw 11 of its levels.

You collected 925 gold pieces.
You spent 142 gold pieces at shops.

Inventory:

Hand Weapons
 v - a +4 battleaxe (weapon)
Missiles
 h - 28 poisoned darts (quivered)
 C - 2 boomerangs of dispersal
Armour
 a - a +0 helmet (worn)
 f - a +0 pair of gloves (worn)
 g - a +3 plate armour (worn)
 m - a +0 pair of boots (worn)
 A - a +0 cloak (worn)
 G - the +3 chain mail of Pipeibb {rN+ rCorr}
   (You found it on level 2 of the Lair of Beasts)

   rN:        It protects you from negative energy.
   rCorr:     It protects you from acid and corrosion.
Jewellery
 o - a +4 ring of evasion (left hand)
 r - a +6 ring of dexterity (right hand)
 w - a ring of protection from cold
 B - a ring of resist corrosion
 D - a +6 ring of dexterity
Wands
 e - a wand of flame (14)
 j - a wand of roots (24)
 y - a wand of digging (6)
 H - a wand of charming (6)
Scrolls
 i - 3 scrolls of magic mapping
 k - 2 scrolls of amnesia
 l - 2 scrolls of fog
 q - 6 scrolls of identify
 s - a scroll of summoning
 u - 6 scrolls of teleportation
 z - 2 scrolls of noise {unknown}
 F - a scroll of enchant weapon
Potions
 b - 4 potions of flight
 p - 2 potions of magic
 t - 4 potions of curing
 x - 4 potions of invisibility
 E - a potion of brilliance


   Skills:
 + Level 11.1 Fighting
 + Level 17.7 Axes
 + Level 10.6 Armour
 + Level 1.8 Dodging
 + Level 2.4 Stealth
 + Level 5.9 Shields


You had 11 spell levels left.
You didn't know any spells.
Your spell library contained the following spells:

 Spells                   Type           Power      Damage    Failure   Level
 Apportation              Tloc           0%         N/A       99%         1
 Beastly Appendage        Tmut           0%         N/A       99%         1
 Necrotise                Necr           0%         1d4       99%         1
 Summon Small Mammal      Summ           0%         N/A       99%         1
 Ensorcelled Hibernation  Hex/Ice        0%         N/A       100%        2
 Passwall                 Tmut/Erth      0%         N/A       100%        2
 Static Discharge         Conj/Air       0%         3-3/arc   100%        2
 Wereblood                Tmut           0%         N/A       100%        2
 Conjure Flame            Conj/Fire      0%         6-21      100%        3
 Ignite Poison            Fire/Tmut/Pois 0%         N/A       100%        3
 Spider Form              Tmut/Pois      0%         N/A       100%        3
 Swiftness                Air            0%         N/A       100%        3
 Vampiric Draining        Necr           0%         2d6       100%        3
 Anguish                  Hex/Necr       0%         N/A       100%        4
 Fulminant Prism          Conj/Hex       0%         3d6       100%        4
 Iskenderun's Mystic Bla  Conj/Tloc      0%         2d3       100%        4
 Sticky Flame             Conj/Fire      0%         2d3       100%        4
 Agony                    Necr           0%         N/A       100%        5
 Lee's Rapid Deconstruct  Erth           0%         3d5*      100%        5
 Lightning Bolt           Conj/Air       0%         1d11      100%        5
 Summon Forest            Summ/Tloc      0%         N/A       100%        5
 Eringya's Noxious Bog    Tmut/Pois      0%         N/A       100%        6
 Summon Hydra             Summ           0%         N/A       100%        7
 Maxwell's Capacitive Co  Air            0%         ∞         100%        8


Dungeon Overview and Level Annotations

Branches:
Dungeon (9/15)             Temple (0/1) D:4            Lair (2/5) D:9
 Shoals (0/4) Lair:2
  Snake: Lair:2-3    Spider: Lair:2-3       Orc: D:9-12

Altars:
Ashenzari
Elyvilon
Fedhas
Kikubaaqudgha
Okawaru
Qazlal
Ru
Sif Muna
Uskayaw
Vehumet
Wu Jian

Shops:
D:3 ((![!

Annotations:
D:2 1 runed translucent door, Crazy Yiuf, Natasha
D:3 exclusion: statue


Innate Abilities, Weirdness & Mutations

You can walk on water.
You occasionally lose the ability to drink potions when taking damage.


Message History

The bullfrog closely misses you. The torpor snail bites you!
* * * LOW HITPOINT WARNING * * *
There is an open door, spattered with blood here.
You closely miss the bullfrog.
The bullfrog is heavily wounded.
You slice the torpor snail!! The bullfrog misses you.
You closely miss the bullfrog.
The bullfrog is heavily wounded.
You hit the torpor snail.
You kill the torpor snail!
Beogh accepts your kill.
You feel yourself speed up.
Your orc knight is no longer moving slowly.
The bullfrog completely misses you.
The bullfrog hits you but does no damage.
The wolf bites you but does no damage.
Unknown command.
You slice the bullfrog!!
You kill the bullfrog!
Beogh accepts your kill.
You slash the wolf! The wolf barely misses you.
The fire crab breathes flames at you.
The blast of flame engulfs you but does no damage.
Your orc knight is engulfed in blazing flames.
You slice the wolf!!
You kill the wolf!
Beogh accepts your kill.
You are engulfed in blazing flames.
* * * LOW HITPOINT WARNING * * *
Berold is engulfed in blazing flames.
The fire crab breathes flames at you. The blast of flame misses you.
Your orc knight is engulfed in blazing flames.
You are engulfed in blazing flames.
* * * LOW HITPOINT WARNING * * *
The steam dragon breathes steam at you. The ball of steam misses you.
The fire crab bites you.
* * * LOW HITPOINT WARNING * * *
You are engulfed in flames!
You die...

..#..###....~≈†...#
..#.. #...
..#..###...~≈≈≈†..##
.##...# #...
.##..##...≈≈≈≈≈≈..≈#
## ..##....
..+...#≈.~≈≈≈≈≈~≈..#
.###...
}#....#..≈~≈≈≈≈~~.≈#
#P...
#..(..#≈..≈≈≈°§≈.°##
#....
......#..††≈≈°°o°°#
##...
.....###...)≈≈#o####
....
......###..~≈≈#°@D~#
....
..†.†..###..≈≈##t.##
....
........##..~≈≈#[$≈#
....
.#.......#..~≈≈#?)##
....
..#......##..~≈#($#
#...
..#......##..~≈#((#
P...
..#......#..~≈≈####
....
........o#..≈≈≈#
P...
....≈≈≈.....≈≈##


You could see a fire crab (ally target), a steam dragon (catching breath), a
friendly orc knight (strong) and the friendly Berold the orc knight (strong).

Vanquished Creatures
  An anaconda (Lair:2)
  2 alligators (Lair:2)
  2 two-headed ogres
  A fire crab (Lair:2)
  A cyclops (D:7)
  A black mamba (Lair:2)
  An elephant (Lair:2)
  A torpor snail (Lair:2)
  A cane toad (Lair:2)
  A rime drake (Lair:1)
  A komodo dragon (Lair:1)
  A polar bear (Lair:2)
  2 blink frogs (Lair:2)
  A snapping turtle (Lair:2)
  A wyvern (D:9)
  8 yaks
  A basilisk (D:9)
  2 steam dragons
  Menkaure (D:5)
  4 water moccasins
  2 black bears
  2 ice beasts (D:8)
  2 wolves (Lair:2)
  A centaur (D:5)
  A phantom (D:6)
  3 kobold brigands (D:9)
  5 bullfrogs
  A necrophage (D:5)
  11 wights
  7 scorpions
  9 killer bees
  2 vampire bats (D:3)
  An electric eel (D:7)
  4 howler monkeys
  3 hounds
  4 jellies
  5 orc wizards
  A hell rat (Lair:2)
  Ijyb (D:5)
  Natasha (D:2)
  3 iguanas
  19 gnolls
  11 adders
  A shadow imp (D:6)
  2 white imps
  2 worms
  A dart slug (D:1)
  12 orcs
  6 ball pythons
  2 bat skeletons (D:3)
  3 bat zombies (D:3)
  2 endoplasms (D:1)
  3 giant cockroaches
  8 goblins
  6 hobgoblins
  4 jackals (D:4)
  4 quokkas
  7 bats
  A frilled lizard (D:1)
  12 kobolds
  4 rats
213 creatures vanquished.

Vanquished Creatures (collateral kills)
  A fire crab (Lair:2)
  Nergalle (Lair:2)
  A manticore (Lair:2)
  A black mamba (Lair:2)
  2 cane toads
  3 komodo dragons
  A hornet (D:8)
  A blink frog (Lair:2)
  2 yaks (Lair:1)
  2 wyverns
  3 basilisks
  A steam dragon (D:9)
  2 water moccasins
  An orc warrior (D:8)
  A black bear (Lair:2)
  A wolf (Lair:2)
  2 centaurs (D:8)
  2 bullfrogs
  4 wights
  A killer bee (D:8)
  4 orc priests (D:8)
  4 orc wizards
  5 orcs
  2 kobolds (D:9)
48 creatures vanquished.

Vanquished Creatures (others)
  2 orc warriors
  2 orc priests (D:8)
  3 orc wizards (D:8)
  8 orcs
  A kobold (D:2)
  A quokka (D:6)
  7 fungi
  7 plants
31 creatures vanquished.

Grand Total: 292 creatures vanquished

Notes
Turn   | Place    | Note
-------+----------+-------------------------------------------
     0 | D:1      | Timisetechie the Hill Orc Fighter began the quest for the
                  | Orb.
     0 | D:1      | Reached XP level 1. HP: 19/19 MP: 1/1
   147 | D:1      | Reached XP level 2. HP: 27/27 MP: 2/2
   253 | D:1      | Reached skill level 3 in Axes
   456 | D:1      | Reached XP level 3. HP: 33/33 MP: 3/3
  1010 | D:2      | Found a blossoming altar of Fedhas.
  1015 | D:2      | Noticed Natasha
  1025 | D:2      | Killed Natasha
  1026 | D:2      | Reached skill level 4 in Axes
  1026 | D:2      | Reached XP level 4. HP: 15/40 MP: 4/4
  1521 | D:2      | Became a worshipper of Beogh the Brigand
  1608 | D:2      | Found a runed translucent door.
  1608 | D:2      | Noticed Natasha
  1609 | D:2      | Noticed Crazy Yiuf
  1851 | D:3      | Found Jikkomio's Distillery.
  1863 | D:3      | Bought a potion of might for 52 gold pieces
  1873 | D:3      | Found Boggacw's Armour Shop.
  1970 | D:3      | Found Duphy's Antique Weapon Shop.
  2024 | D:3      | Reached skill level 5 in Axes
  2025 | D:3      | Reached XP level 5. HP: 30/46 MP: 5/5
  2280 | D:3      | Found a radiant altar of Vehumet.
  2280 | D:3      | Noticed a frost-covered statue
  2307 | D:3      | Found Xacvylla's Distillery.
  2324 | D:3      | Bought a potion of might for 40 gold pieces
  2324 | D:3      | Bought a potion of heal wounds for 50 gold pieces
  2357 | D:3      | Found an ancient bone altar of Kikubaaqudgha.
  2365 | D:3      | Reached * piety under Beogh
  2482 | D:3      | Reached skill level 6 in Axes
  2487 | D:3      | Reached XP level 6. HP: 50/53 MP: 6/6
  2519 | D:3      | Found a shimmering blue altar of Sif Muna.
  2539 | D:3      | Found Viroidot's Weapon Emporium.
  2693 | D:3      | Gained mutation: You are clumsy. (Dex -2) [potion of
                  | mutation]
  2693 | D:3      | Gained mutation: You occasionally lose the ability to drink
                  | potions when taking damage. [potion of mutation]
  2693 | D:3      | Lost mutation: You are clumsy. (Dex -2) [potion of
                  | mutation]
  2865 | D:4      | Noticed a black bear
  2870 | D:4      | Killed a black bear
  2871 | D:4      | Reached skill level 5 in Fighting
  2871 | D:4      | Reached skill level 7 in Axes
  2971 | D:4      | Found a staircase to the Ecumenical Temple.
  2972 | D:4      | Found an iron altar of Okawaru.
  3001 | D:4      | Reached XP level 7. HP: 61/61 MP: 7/7
  3256 | D:4      | Found an ornate altar of the Wu Jian Council.
  3259 | D:4      | Reached ** piety under Beogh
  3424 | D:4      | Reached skill level 8 in Axes
  3827 | D:5      | Entered Level 5 of the Dungeon
  3835 | D:5      | Noticed Menkaure
  3840 | D:5      | Killed Menkaure
  3841 | D:5      | Reached skill level 1 in Dodging
  3948 | D:5      | Reached skill level 5 in Armour
  4099 | D:5      | Reached XP level 8. HP: 63/69 MP: 8/8
  4230 | D:5      | Noticed a two-headed ogre
  4236 | D:5      | Killed a two-headed ogre
  4237 | D:5      | Reached skill level 10 in Axes
  4636 | D:5      | Reached skill level 5 in Shields
  4640 | D:5      | Reached XP level 9. HP: 56/78 MP: 9/9
  4739 | D:5      | Noticed Ijyb
  4745 | D:5      | Killed Ijyb
  5040 | D:6      | Reached skill level 11 in Axes
  5415 | D:6      | Found a broken altar of Ashenzari.
  5512 | D:6      | Reached *** piety under Beogh
  5654 | D:6      | Found a stormy altar of Qazlal.
  5838 | D:6      | Found a white marble altar of Elyvilon.
  5902 | D:7      | Noticed a cyclops
  5911 | D:7      | Killed a cyclops
  5912 | D:7      | Reached skill level 12 in Axes
  6283 | D:7      | Reached XP level 10. HP: 81/89 MP: 10/10
  6916 | D:7      | Found a sacrificial altar of Ru.
  7131 | D:8      | Found a transporter.
  7137 | D:8      | Found a transporter.
  7180 | D:8      | Reached skill level 13 in Axes
  7326 | D:8      | Reached skill level 1 in Stealth
  7340 | D:8      | Reached **** piety under Beogh
  7959 | D:9      | Reached skill level 14 in Axes
  8183 | D:9      | Found a hide-covered altar of Uskayaw.
  8610 | D:9      | Found a staircase to the Lair.
  8621 | D:9      | Noticed a two-headed ogre
  8624 | D:9      | Killed a two-headed ogre
  8625 | D:9      | Reached XP level 11. HP: 93/97 MP: 11/11
  9052 | Lair:1   | Entered Level 1 of the Lair of Beasts
  9063 | Lair:1   | Reached skill level 15 in Axes
  9086 | Lair:1   | Reached ***** piety under Beogh
  9134 | Lair:1   | Gained Berold as an ally
 10249 | Lair:2   | Found a staircase to the Shoals.
 10423 | Lair:2   | Found the +7 Kryia's mail coat {PotionHeal*2 rC+}
 10682 | Lair:2   | Reached skill level 16 in Axes
 10718 | Lair:2   | Noticed Nergalle
 10730 | Lair:2   | Killed Nergalle
 10731 | Lair:2   | Reached skill level 10 in Fighting
 11039 | Lair:2   | Identified the +3 chain mail of Pipeibb {rN+ rCorr}
 11161 | Lair:2   | Noticed a manticore
 11164 | Lair:2   | Noticed an anaconda
 11164 | Lair:2   | Noticed a fire crab
 11164 | Lair:2   | Noticed an alligator
 11166 | Lair:2   | Noticed a fire crab
 11172 | Lair:2   | Killed an anaconda
 11176 | Lair:2   | Reached skill level 10 in Armour
 11176 | Lair:2   | Killed a manticore
 11179 | Lair:2   | Killed an alligator
 11180 | Lair:2   | Reached XP level 12. HP: 58/108 MP: 12/12
 11182 | Lair:2   | Reached skill level 17 in Axes
 11303 | Lair:2   | Noticed an alligator
 11308 | Lair:2   | Killed an alligator
 11324 | Lair:2   | Slain by a fire crab

Illustrated notes

Levels and vault maps discovered:
D:1:      wander_arrival_desolate, layout_basic
D:2:      layout_rooms, basic_altar, uniq_natasha, uniq_crazy_yiuf_cottage
D:3:      layout_basic, kennysheep_vampire_church,
          nicolae_overflow_crystal_walls, vehumet_statue, serial_shops, shop,
          shop, nicolae_shop_trees, nicolae_shop_stone, shop, kennysheep_path_1,
          amcnicky_mini_corridor_feature
D:4:      layout_loops_cross, marbit_many_paths, nicolae_overflow_hidden_temple,
          minmay_temple_entry_crystal_x, kennysheep_generic_room_11
D:5:      cheibrodos_helix_gallery, layout_basic, serial_curves, eino_curves_03,
          eino_curves_01, uniq_menkaure, uniq_ijyb
D:6:      layout_loops_ring, elyvilon_altar_4,
          mainiacjoe_overflow_surrounded_room, lemuel_crystal_altar
D:7:      layout_basic, nicolae_ru_path_of_blood, kennysheep_minor_cross,
          hangedman_decor_slide_cut, supply_closet_lemuel,
          hangedman_decor_growths
D:8:      kennysheep_ambush_hall, layout_rooms, nicolae_diode_stairs
D:9:      layout_long_grid, amcnicky_altar_gilded, erik_lair_dragon
Lair:1:   layout_chaotic_city
Lair:2:   layout_regular_city, minmay_shoals_entry_hut,
          nicolae_lair_lakeside_cave, uniq_nergalle

Skill      XL: |  1  2  3  4  5  6  7  8  9 10 11 12 |
---------------+-------------------------------------+-----
Axes           | 3 4 5 6 7 8 10 12 14 16 17 | 17.7
Fighting       | 4 5 6 8 9 10 11 | 11.1
Armour         | 4 5 6 9 10 | 10.6
Shields        | 4 5 |  5.9
Dodging        | 1 |  1.8
Stealth        | 2 |  2.4

Action                   |  1- 3 |  4- 6 |  7- 9 | 10-12 || total
-------------------------+-------+-------+-------+-------++-------
Melee: War axe           |    64 |   110 |   174 |    17 ||   365
       Battleaxe         |       |       |       |   201 ||   201
Invok: Convert to Beogh  |       |     1 |       |       ||     1
  Use: Scroll            |     4 |     4 |     3 |     4 ||    15
       Potion            |     2 |     6 |     4 |    11 ||    23
 Stab: Distracted        |       |       |     1 |     4 ||     5
       Confused          |       |       |       |     2 ||     2
Armor: Scale mail        |    17 |       |       |       ||    17
       Plate armour      |    38 |   101 |    91 |   137 ||   367
Dodge: Dodged            |    33 |    38 |    78 |   156 ||   305
Block: Buckler           |    18 |    41 |    63 |     2 ||   124
